MLB
OTTAWA LYNX @ CLEVELAND GUARDIANS
09/22/2041
 
TOP OF THE 1ST
Ottawa Lynx batting - Pitching for Cleveland Guardians : RHP Alfredo Gutiérrez
Pitching: RHP Alfredo Gutiérrez
Batting: RHB Jorge Esquivel 0-0: Foul Ball, location: 2F
0-1: Ball
1-1: Hit by Pitch
Batting: RHB Erik Lane 0-0: Called Strike
0-1: Sac Bunt to 25 - play at first, batter OUT! 5-3
Jorge Esquivel to second
Batting: LHB Dan Chipman 0-0: Ground out 4-3 (Groundball, 34D, EV 95.0 MPH)
Jorge Esquivel to third
Batting: LHB Ed Harris 0-0: Ground out 4-3 (Groundball, 4, EV 83.1 MPH)
Top of the 1st over - 0 runs, 0 hits, 0 errors, 1 left on base; Ottawa 0 - Cleveland 0
BOTTOM OF THE 1ST
Cleveland Guardians batting - Pitching for Ottawa Lynx : RHP Jim Fullen
Pitching: RHP Jim Fullen
Batting: LHB José Consiglio 0-0: Swinging Strike
0-1: Ball
1-1: Ball
2-1: Swinging Strike
2-2: Fly out, F8 (Flyball, 8LM, EV 90.0 MPH)
Batting: SHB Kevin Brackett 0-0: Foul Ball, location: 25F
0-1: Foul Ball, location: 7LDF
0-2: Ball
1-2: Foul Ball, location: 25F
1-2: Ball
2-2: Ball
3-2: Foul Ball, location: 2F
3-2: SINGLE (Flyball, 34D, EV 93.8 MPH)
Batting: LHB Jesús Garza 0-0: Foul Ball, location: 2F
0-1: Called Strike
Kevin Brackett steals 2nd base (no throw)
0-2: Strikes out looking
Batting: RHB Jorge Velázquez 0-0: Swinging Strike
0-1: Called Strike
0-2: Fly out, F7 (Line Drive, 7D, EV 93.8 MPH)
Bottom of the 1st over - 0 runs, 1 hit, 0 errors, 1 left on base; Ottawa 0 - Cleveland 0
TOP OF THE 2ND
Ottawa Lynx batting - Pitching for Cleveland Guardians : RHP Alfredo Gutiérrez
Batting: RHB Pat Harris 0-0: Ball
1-0: Foul Ball, location: 9LSF
1-1: Fly out, F8 (Line Drive, 89D, EV 91.3 MPH)
Batting: LHB Mike Hyde 0-0: Ball
1-0: Ball
2-0: SINGLE (Line Drive, 7LS, EV 85.0 MPH)
Batting: RHB Bao-qing Wu 0-0: Grounds into double play, 6-4-3 (Groundball, 6, EV 84.4 MPH)
Top of the 2nd over - 0 runs, 1 hit, 0 errors, 0 left on base; Ottawa 0 - Cleveland 0
BOTTOM OF THE 2ND
Cleveland Guardians batting - Pitching for Ottawa Lynx : RHP Jim Fullen
Batting: LHB Juan Morales 0-0: Called Strike
0-1: Called Strike
0-2: Foul Ball, location: 5F
0-2: Ground out U3 (Groundball, 23, EV 86.9 MPH)
Batting: LHB Stan Walton 0-0: Called Strike
0-1: Ball
1-1: Foul Ball, location: 7LDF
1-2: Ball
2-2: Ground out 4-3 (Groundball, 4S, EV 81.3 MPH)
Batting: SHB Ken Miller 0-0: Foul Ball, location: 5FF
0-1: Ball
1-1: Foul Ball, location: 2F
1-2: SINGLE (Groundball, 4MD, EV 98.1 MPH)
Batting: SHB Tim Webster 0-0: Foul Ball, location: 3FF
0-1: Ball
1-1: Foul Ball, location: 9LMF
1-2: Ball
2-2: Ball
3-2: Foul Ball, location: 9LSF
3-2: Fly out, F9 (Flyball, 89M, EV 83.1 MPH)
Bottom of the 2nd over - 0 runs, 1 hit, 0 errors, 1 left on base; Ottawa 0 - Cleveland 0
TOP OF THE 3RD
Ottawa Lynx batting - Pitching for Cleveland Guardians : RHP Alfredo Gutiérrez
Batting: RHB Jim Thompson 0-0: Ball
1-0: Called Strike
1-1: Ball
2-1: Called Strike
2-2: Ground out U3 (Groundball, 3S, EV 88.1 MPH)
Batting: LHB Lauro Malaparte 0-0: Swinging Strike
0-1: Ball
1-1: Ball
2-1: Foul Ball, location: 2F
2-2: Foul Ball, location: 9LDF
2-2: Foul Ball, location: 2F
2-2: Ground out 6-3 (Groundball, 4M, EV 83.1 MPH)
Batting: RHB Jorge Esquivel 0-0: Fly out, F8 (Flyball, 89M, EV 95.0 MPH)
Top of the 3rd over - 0 runs, 0 hits, 0 errors, 0 left on base; Ottawa 0 - Cleveland 0
BOTTOM OF THE 3RD
Cleveland Guardians batting - Pitching for Ottawa Lynx : RHP Jim Fullen
Batting: RHB Josh Wilson 0-0: Called Strike
0-1: Foul Ball, location: 3FF
0-2: Foul Ball, location: 9LMF
0-2: Strikes out looking
Batting: LHB José Consiglio 0-0: Called Strike
0-1: Called Strike
0-2: Strikes out swinging
Batting: SHB Kevin Brackett 0-0: Called Strike
0-1: Foul Ball, location: 25FF
0-2: Ball
1-2: Foul Ball, location: 7LSF
1-2: Foul Ball, location: 5DF
1-2: Fly out, F4 (Popup, 4, EV 66.9 MPH)
Bottom of the 3rd over - 0 runs, 0 hits, 0 errors, 0 left on base; Ottawa 0 - Cleveland 0
TOP OF THE 4TH
Ottawa Lynx batting - Pitching for Cleveland Guardians : RHP Alfredo Gutiérrez
Batting: RHB Erik Lane 0-0: Ball
1-0: Called Strike
1-1: Ground out 5-3 (Groundball, 56, EV 90.0 MPH)
Batting: LHB Dan Chipman 0-0: Called Strike
0-1: Ball
1-1: Ground out 4-3 (Groundball, 4, EV 100.0 MPH)
Batting: LHB Ed Harris 0-0: Swinging Strike
0-1: Called Strike
0-2: Strikes out looking
Top of the 4th over - 0 runs, 0 hits, 0 errors, 0 left on base; Ottawa 0 - Cleveland 0
BOTTOM OF THE 4TH
Cleveland Guardians batting - Pitching for Ottawa Lynx : RHP Jim Fullen
Batting: LHB Jesús Garza 0-0: Called Strike
0-1: Foul Ball, location: 2LF
0-2: Ball
1-2: Foul Ball, location: 5FF
1-2: Ball
2-2: Foul Ball, location: 2F
2-2: Foul Ball, location: 7LSF
2-2: Ball
3-2: Fly out, F4 (Popup, 34S, EV 74.4 MPH)
Batting: RHB Jorge Velázquez 0-0: Foul Ball, location: 2F
0-1: Ball
1-1: SOLO HOME RUN (Flyball, 8RXD, EV 100.6 MPH), Distance : 417 ft
Batting: LHB Juan Morales 0-0: Ball
1-0: Foul Ball, location: 5SF
1-1: Fly out, F8 (Flyball, 8LM, EV 100.6 MPH)
Batting: LHB Stan Walton 0-0: Ball
1-0: Called Strike
1-1: Fly out, F7 (Flyball, 7, EV 88.1 MPH)
Bottom of the 4th over - 1 run, 1 hit, 0 errors, 0 left on base; Ottawa 0 - Cleveland 1
TOP OF THE 5TH
Ottawa Lynx batting - Pitching for Cleveland Guardians : RHP Alfredo Gutiérrez
Batting: RHB Pat Harris 0-0: Called Strike
0-1: Foul Ball, location: 2F
0-2: Strikes out swinging
Batting: LHB Mike Hyde 0-0: Ball
1-0: Called Strike
1-1: Ball
2-1: Ball
3-1: Called Strike
3-2: Reached via error on a dropped throw from SS, E3 (Groundball, 6S, EV 64.4 MPH)
Batting: RHB Bao-qing Wu 0-0: Ball
1-0: Called Strike
1-1: Foul Ball, location: 5DF
1-2: Grounds into double play, 5-4-3 (Groundball, 56, EV 81.3 MPH)
Top of the 5th over - 0 runs, 0 hits, 1 error, 0 left on base; Ottawa 0 - Cleveland 1
BOTTOM OF THE 5TH
Cleveland Guardians batting - Pitching for Ottawa Lynx : RHP Jim Fullen
Batting: SHB Ken Miller 0-0: Ground out 4-3 (Groundball, 4, EV 85.6 MPH)
Batting: SHB Tim Webster 0-0: Called Strike
0-1: Ball
1-1: Foul Ball, location: 2F
1-2: Ball
2-2: Strikes out swinging
Batting: RHB Josh Wilson 0-0: Ball
1-0: Foul Ball, location: 7LSF
1-1: Foul Ball, location: 5F
1-2: Ball
2-2: Foul Ball, location: 2F
2-2: Foul Ball, location: 2F
2-2: Ground out 5-3 (Groundball, 56S, EV 85.0 MPH)
Bottom of the 5th over - 0 runs, 0 hits, 0 errors, 0 left on base; Ottawa 0 - Cleveland 1
TOP OF THE 6TH
Ottawa Lynx batting - Pitching for Cleveland Guardians : RHP Alfredo Gutiérrez
Batting: RHB Jim Thompson 0-0: Called Strike
0-1: Ball
1-1: Ground out 4-3 (Groundball, 4M, EV 88.1 MPH)
Batting: LHB Lauro Malaparte 0-0: Ball
1-0: Ball
2-0: Ball
3-0: Called Strike
3-1: Ground out 4-3 (Groundball, 4M, EV 90.0 MPH)
Batting: RHB Jorge Esquivel 0-0: Ball
1-0: Called Strike
1-1: Ball
2-1: Foul Ball, location: 7LMF
2-2: Ball
3-2: Foul Ball, location: 2F
3-2: Strikes out swinging
Top of the 6th over - 0 runs, 0 hits, 0 errors, 0 left on base; Ottawa 0 - Cleveland 1
BOTTOM OF THE 6TH
Cleveland Guardians batting - Pitching for Ottawa Lynx : RHP Jim Fullen
Batting: LHB José Consiglio 0-0: Ball
1-0: Ball
2-0: Ball
3-0: SINGLE (Line Drive, 9S, EV 101.3 MPH)
Batting: SHB Kevin Brackett 0-0: Called Strike
0-1: Ball
1-1: SINGLE (Groundball, 4MD, EV 93.8 MPH)
José Consiglio to second
Batting: LHB Jesús Garza 0-0: Ball
1-0: Ball
2-0: Ball
3-0: Called Strike
3-1: Called Strike
3-2: Base on Balls
José Consiglio to third
Kevin Brackett to second
Batting: RHB Jorge Velázquez 0-0: Ball
1-0: Called Strike
1-1: Foul Ball, location: 9LMF
1-2: Foul Ball, location: 9LDF
1-2: Foul Ball, location: 7LMF
1-2: Ball
2-2: SINGLE (Groundball, 6, EV 106.3 MPH) (infield hit)
José Consiglio scores
Kevin Brackett to third
Jesús Garza to second
Batting: LHB Juan Morales 0-0: Foul Ball, location: 25FF
0-1: Ball
1-1: Swinging Strike
1-2: GRAND SLAM HOME RUN (Flyball, 9LD, EV 95.6 MPH), Distance : 357 ft
Pitching: LHP José Cortéz
Batting: RHB Faust Ghisolfi 0-0: Ball
1-0: Foul Ball, location: 2F
1-1: Swinging Strike
1-2: Ball
2-2: Strikes out looking
Batting: SHB Ken Miller 0-0: Ground out U3 (Groundball, 34, EV 80.0 MPH)
Batting: SHB Tim Webster 0-0: Ball
1-0: Foul Ball, location: 5FF
1-1: DOUBLE (Line Drive, 3D, EV 103.1 MPH)
Batting: RHB Josh Wilson 0-0: Called Strike
0-1: Ball
1-1: Ball
2-1: Foul Ball, location: 23FF
2-2: Ball
3-2: Fly out, F9 (Flyball, 89M, EV 88.1 MPH)
Bottom of the 6th over - 5 runs, 5 hits, 0 errors, 1 left on base; Ottawa 0 - Cleveland 6
TOP OF THE 7TH
Ottawa Lynx batting - Pitching for Cleveland Guardians : RHP Alfredo Gutiérrez
Batting: RHB Erik Lane 0-0: Ball
1-0: SINGLE (Line Drive, 78M, EV 95.6 MPH)
Batting: LHB Dan Chipman 0-0: Ball
1-0: Swinging Strike
1-1: Called Strike
1-2: Strikes out swinging
Batting: LHB Ed Harris 0-0: Called Strike
0-1: Ball
1-1: Called Strike
1-2: Ball
2-2: SINGLE (Line Drive, 78S, EV 91.3 MPH)
Erik Lane to second
Batting: RHB Pat Harris 0-0: Swinging Strike
0-1: Ball
1-1: Swinging Strike
1-2: Fly out, F9 (Flyball, 9S, EV 89.4 MPH)
Batting: LHB Mike Hyde 0-0: Ball
1-0: Ball
2-0: Ball
3-0: Swinging Strike
3-1: Swinging Strike
3-2: Foul Ball, location: 25FF
3-2: Strikes out swinging
Top of the 7th over - 0 runs, 2 hits, 0 errors, 2 left on base; Ottawa 0 - Cleveland 6
BOTTOM OF THE 7TH
Cleveland Guardians batting - Pitching for Ottawa Lynx : LHP José Cortéz
Batting: LHB José Consiglio 0-0: Called Strike
0-1: Ball
1-1: Called Strike
1-2: Strikes out swinging
Batting: SHB Kevin Brackett 0-0: Called Strike
0-1: Foul Ball, location: 9LSF
0-2: Ball
1-2: Ball
2-2: Ball
3-2: Base on Balls
Batting: LHB Jesús Garza 0-0: Swinging Strike
0-1: SINGLE (Line Drive, 8RS, EV 88.1 MPH)
Kevin Brackett to second
Runner from 2nd tries for 3rd, SAFE, throw by CF made to third
Batting: RHB Jorge Velázquez 0-0: Ball
1-0: Ball
2-0: Ball
3-0: Foul Ball, location: 9LMF
3-1: Called Strike
3-2: Foul Ball, location: 7LMF
3-2: Base on Balls
Jesús Garza to second
Batting: LHB Juan Morales 0-0: Called Strike
0-1: Grounds into fielders choice 1-2 (Groundball, 34S, EV 70.0 MPH)
Jesús Garza to third
Jorge Velázquez to second
Batting: RHB Faust Ghisolfi 0-0: Ball
1-0: Foul Ball, location: 2F
1-1: Swinging Strike
1-2: Foul Ball, location: 9LSF
1-2: Strikes out looking
Bottom of the 7th over - 0 runs, 1 hit, 0 errors, 3 left on base; Ottawa 0 - Cleveland 6
TOP OF THE 8TH
Ottawa Lynx batting - Pitching for Cleveland Guardians : RHP Alfredo Gutiérrez
Batting: RHB Bao-qing Wu 0-0: Foul Ball, location: 25F
0-1: Ball
1-1: Ball
2-1: DOUBLE (Line Drive, 5D, EV 94.4 MPH)
Batting: RHB Jim Thompson 0-0: Called Strike
0-1: Ground out 6-3 (Groundball, 6, EV 88.1 MPH)
Bao-qing Wu to third
Pitching: LHP Greg Curry
Pinch Hitting: RHB Sam Campbell 0-0: Foul Ball, location: 9LMF
0-1: Swinging Strike
0-2: Foul Ball, location: 9LSF
0-2: Foul Ball, location: 2F
0-2: Fly out, F6 (Popup, P, EV 75.6 MPH)
Batting: RHB Jorge Esquivel 0-0: Foul Ball, location: 2F
0-1: Foul Ball, location: 2F
0-2: Ball
1-2: Ball
2-2: Ball
3-2: Base on Balls
Batting: RHB Erik Lane 0-0: Ball
1-0: Ball
2-0: Ball
3-0: Called Strike
3-1: Base on Balls
Jorge Esquivel to second
Batting: LHB Dan Chipman 0-0: Called Strike
0-1: Called Strike
0-2: Ball
1-2: Ball
2-2: Ball
3-2: Base on Balls
Bao-qing Wu scores
Jorge Esquivel to third
Erik Lane to second
Batting: RHB Joe Smith 0-0: Ball
1-0: SINGLE (Line Drive, 5D, EV 95.0 MPH)
Jorge Esquivel scores
Erik Lane to third
Dan Chipman to second
Runner from 3rd tries for Home, throw by LF and OUT! 7-2
Top of the 8th over - 2 runs, 2 hits, 0 errors, 2 left on base; Ottawa 2 - Cleveland 6
BOTTOM OF THE 8TH
Cleveland Guardians batting - Pitching for Ottawa Lynx : LHP José Cortéz
Now in CF: Sergio Martínez
Batting: SHB Ken Miller 0-0: Foul Ball, location: 2F
0-1: Ball
1-1: Fly out, F5 (Popup, 5D, EV 55.6 MPH)
Batting: SHB Tim Webster 0-0: Foul Ball, location: 9LMF
0-1: Ball
1-1: SINGLE (Groundball, 56S, EV 74.4 MPH) (infield hit)
Batting: RHB Josh Wilson 0-0: Called Strike
0-1: Swinging Strike
0-2: Foul Ball, location: 9LSF
0-2: Ball
1-2: Ball
2-2: Grounds into double play, 6-4-3 (Groundball, 6, EV 81.9 MPH)
Bottom of the 8th over - 0 runs, 1 hit, 0 errors, 0 left on base; Ottawa 2 - Cleveland 6
TOP OF THE 9TH
Ottawa Lynx batting - Pitching for Cleveland Guardians : LHP Greg Curry
Batting: RHB Pat Harris 0-0: Ball
1-0: Called Strike
1-1: Ball
2-1: Ball
3-1: Base on Balls
Batting: LHB Mike Hyde 0-0: Foul Ball, location: 3F
0-1: Ball
1-1: Ball
2-1: Ball
3-1: Foul Ball, location: 7LMF
3-2: Strikes out looking
Pat Harris is caught stealing 2nd base 2-6
Batter strikes out.
Batting: RHB Bao-qing Wu 0-0: Ball
1-0: Ball
2-0: Fly out, F9 (Flyball, 89S, EV 86.3 MPH)
Top of the 9th over - 0 runs, 0 hits, 0 errors, 0 left on base; Ottawa 2 - Cleveland 6
Sunday, March 24th , 2024 - OOTP Baseball 24.10 Build 82